AoeStats
← BottleDry

Arabia

507109778Analyzed
4v4 RM · 16d ago on Sep 16, 2026· 47m 2s· 8 players
Game mode
Random Map
Map size
Large (8 player)
Population
200
Speed
Normal
Resources
Standard
Victory
Conquest
Starting age
Dark Age
Ending age
Imperial Age
RankedLock teamsTeams togetherTeam positionsShared explorationLock speedFull tech treeHidden civsTurbo modeCheats
Victory
Defeat
🇮🇹 Spanish · Italy
1012
+13
🇸🇰 Turks · Slovakia
1000
+13
🇰🇿 Persians · Kazakhstan
990
+24
🇮🇹 Poles · Italy
962
+29
🇺🇸 Poles · United States
989
-16
🇺🇸 Goths · United States
925
-13
🇨🇿 Britons · Czechia
925
-13
🇺🇸 Magyars · United States
921
-13
Nobody
11:19 Feudal Age
10:01 Loom
16:45 Castle Age
15:41 Horse Collar
19:51 Double-Bit Axe
23:39 Wheelbarrow
25:24 Heavy Plow
26:35 Husbandry
27:14 Fletching
29:35 Bloodlines
30:18 Hand Cart
32:42 Padded Archer Armor
32:47 Scale Mail Armor
32:09 Pikeman
33:09 Bow Saw
32:52 Gold Mining
36:29 Leather Archer Armor
41:22 Imperial Age
40:37 Coinage
40:31 Ballistics
41:51 Elite Conquistador
45:04 Two-Man Saw
45:26 Conscription
45:42 Ring Archer Armor
45:29 Guilds
45:33 Masonry
marekrika
1:16 Loom
11:45 Feudal Age
12:20 Double-Bit Axe
13:35 Horse Collar
22:04 Fletching
38:13 Castle Age
37:22 Bloodlines
37:49 Gold Mining
37:50 Stone Mining
41:57 Wheelbarrow
41:35 Bow Saw
44:33 Husbandry
49:10 Imperial Age
47:04 Treadmill Crane
47:26 Bodkin Arrow
47:38 Scale Barding Armor
47:45 Forging
IceCube
10:20 Feudal Age
10:32 Feudal Age
15:59 Castle Age
14:42 Double-Bit Axe
16:31 Horse Collar
21:19 Fletching
22:07 Bow Saw
23:59 Wheelbarrow
23:35 Gold Mining
23:48 Heavy Plow
24:47 Scale Barding Armor
25:27 Forging
26:01 Chain Barding Armor
26:21 Husbandry
27:57 Bloodlines
28:19 Hand Cart
32:43 Imperial Age
30:25 Stone Mining
31:11 Gold Shaft Mining
31:16 Iron Casting
30:38 Bodkin Arrow
30:31 Loom
30:35 Town Watch
31:24 Ballistics
32:15 Padded Archer Armor
33:06 Devotion
33:14 Kamandaran
33:35 Conscription
34:31 Plate Barding Armor
34:56 Blast Furnace
34:12 Citadels
35:05 Chemistry
35:52 Two-Man Saw
35:29 Crop Rotation
34:49 Elite War Elephant
37:06 Faith
39:09 Guilds
39:29 Coinage
39:27 Thumb Ring
38:43 Crossbowman
39:39 Leather Archer Armor
41:39 Ring Archer Armor
44:22 Town Patrol
Mr.Arcibaal
3:57 Loom
13:19 Feudal Age
20:51 Horse Collar
24:43 Double-Bit Axe
31:41 Castle Age
30:24 Double-Bit Axe
36:49 Pikeman
37:49 Szlachta Privileges
38:47 Scale Mail Armor
38:58 Forging
41:41 Stone Mining
41:42 Gold Mining
45:15 Heavy Plow
48:12 Wheelbarrow
tenduril
10:48 Feudal Age
12:55 Bloodlines
12:37 Double-Bit Axe
20:06 Horse Collar
23:12 Castle Age
21:49 Stone Mining
21:54 Gold Mining
23:52 Wheelbarrow
24:08 Forging
24:03 Scale Barding Armor
24:28 Husbandry
27:56 Heavy Plow
29:02 Bow Saw
29:16 Light Cavalry
40:07 Iron Casting
39:52 Chain Barding Armor
41:46 Szlachta Privileges
43:36 Pikeman
44:20 Scale Mail Armor
KingYankee1
2:45 Loom
13:14 Feudal Age
14:37 Wheelbarrow
13:52 Double-Bit Axe
13:51 Horse Collar
18:31 Gold Mining
23:38 Castle Age
22:27 Scale Mail Armor
23:22 Stone Mining
25:55 Hand Cart
30:23 Elite Skirmisher
32:56 Fletching
39:08 Bow Saw
43:45 Imperial Age
43:54 Anarchy
45:56 Perfusion
46:55 Squires
BottleDry
7:01 Loom
10:00 Feudal Age
10:38 Double-Bit Axe
10:36 Horse Collar
13:20 Town Watch
21:53 Castle Age
20:29 Scale Barding Armor
21:43 Bloodlines
23:08 Chain Barding Armor
23:56 Wheelbarrow
23:44 Bow Saw
23:55 Gold Mining
25:02 Husbandry
31:50 Hand Cart
32:21 Town Patrol
33:38 Corvinian Army
37:56 Imperial Age
36:34 Fletching
37:26 Stone Mining
38:25 Cavalier
39:54 Plate Barding Armor
39:09 Capped Ram
40:59 Bodkin Arrow
41:36 Conscription
42:38 Two-Man Saw
44:47 Paladin
Dunda1993
2:56 Loom
10:44 Feudal Age
11:28 Double-Bit Axe
14:36 Wheelbarrow
15:01 Fletching
15:11 Padded Archer Armor
23:07 Castle Age
22:19 Horse Collar
22:32 Gold Mining
23:12 Crossbowman
23:50 Bodkin Arrow
24:10 Bow Saw
29:03 Leather Archer Armor
30:10 Ballistics
30:04 Stone Mining
30:01 Pikeman
32:44 Heavy Plow
37:52 Imperial Age
37:01 Gold Shaft Mining
38:17 Hand Cart
37:57 Arbalester
38:40 Bracer
39:10 Ring Archer Armor
41:12 Chemistry
40:30 Halberdier
Connection lost

Rejoining the realm…

Still unreachable

The connection could not be restored.

Session expired

The server has moved on; the page needs a fresh start.